BSA
SEATTLE PIKES @ POCATELLO BOCCABELLAS
06/18/2028
 
TOP OF THE 1ST
Seattle Pikes batting - Pitching for Pocatello Boccabellas : RHP Kevin Bush
Pitching: RHP Kevin Bush
Batting: LHB Roberto Lozano 0-0: Foul Ball, location: 2F
0-1: Swinging Strike
0-2: Strikes out swinging
Batting: LHB Richard Hunter 0-0: Ball
1-0: Ball
2-0: Called Strike
2-1: Called Strike
2-2: SINGLE (Line Drive, 8LS)
Batting: RHB Wallace Greene 0-0: Ball
1-0: Ball
2-0: SINGLE (Groundball, 56D)
Richard Hunter to second
Batting: LHB Eduardo Gómez 0-0: Called Strike
0-1: Called Strike
0-2: Strikes out looking
Batting: RHB Arnold Harmon 0-0: Ball
1-0: Ball
2-0: Swinging Strike
2-1: 3-RUN HOME RUN (Flyball, 78XD), Distance : 405 ft
Batting: RHB Iván Gonzáles 0-0: Called Strike
0-1: Ground out U3 (Groundball, 23)
Top of the 1st over - 3 run(s), 3 hit(s), 0 error(s), 0 left on base; Seattle 3 - Pocatello 0
BOTTOM OF THE 1ST
Pocatello Boccabellas batting - Pitching for Seattle Pikes : LHP David Hill
Pitching: LHP David Hill
Batting: RHB Tomás Carranza 0-0: Ball
1-0: Fly out, F8 (Line Drive, 8RM)
Batting: RHB Francisco Sandoval 0-0: Ball
1-0: Ball
2-0: SINGLE (Groundball, 4MD)
Batting: RHB Marlon Phipps 0-0: Ball
1-0: Called Strike
1-1: Called Strike
1-2: Ball
2-2: SINGLE (Groundball, 6MD)
Francisco Sandoval to second
Batting: RHB Jeremy Carr 0-0: Called Strike
0-1: Swinging Strike
0-2: Foul Ball, location: 2F
0-2: Strikes out swinging
Batting: RHB Ernesto Acosta 0-0: Ball
1-0: Fielders Choice at 2nd, 6-4 (Groundball, 6)
Bottom of the 1st over - 0 run(s), 2 hit(s), 0 error(s), 1 left on base; Seattle 3 - Pocatello 0
TOP OF THE 2ND
Seattle Pikes batting - Pitching for Pocatello Boccabellas : RHP Kevin Bush
Batting: SHB Richard Bowman 0-0: Called Strike
0-1: Fly out, F6 (Line Drive, 6)
Batting: RHB Luis Peña 0-0: Called Strike
0-1: Ball
1-1: Swinging Strike
1-2: Ball
2-2: Foul Ball, location: 2F
2-2: Strikes out swinging
Batting: RHB Bill Mark 0-0: Ball
1-0: Ball
2-0: Called Strike
2-1: Fly out, F2 (Popup, 3S)
Top of the 2nd over - 0 run(s), 0 hit(s), 0 error(s), 0 left on base; Seattle 3 - Pocatello 0
BOTTOM OF THE 2ND
Pocatello Boccabellas batting - Pitching for Seattle Pikes : LHP David Hill
Batting: SHB Nick Cox 0-0: Ball
1-0: SINGLE (Line Drive, 3)
Batting: RHB José Delgado 0-0: Ball
1-0: Foul Ball, location: 2F
1-1: Grounds into double play, 6-4-3 (Groundball, 6)
Batting: LHB José Berroa 0-0: Fly out, F7 (Flyball, 7S)
Bottom of the 2nd over - 0 run(s), 1 hit(s), 0 error(s), 0 left on base; Seattle 3 - Pocatello 0
TOP OF THE 3RD
Seattle Pikes batting - Pitching for Pocatello Boccabellas : RHP Kevin Bush
Batting: LHB Roberto Lozano 0-0: Foul Ball, location: 2F
0-1: Called Strike
0-2: Foul Ball, location: 2F
0-2: Strikes out looking
Batting: LHB Richard Hunter 0-0: Ball
1-0: Called Strike
1-1: Ball
2-1: Foul Ball, location: 2F
2-2: Strikes out swinging
Batting: RHB Wallace Greene 0-0: Called Strike
0-1: Ball
1-1: Swinging Strike
1-2: Ball
2-2: Foul Ball, location: 2F
2-2: Foul Ball, location: 2F
2-2: Fly out, F8 (Flyball, 8RS)
Top of the 3rd over - 0 run(s), 0 hit(s), 0 error(s), 0 left on base; Seattle 3 - Pocatello 0
BOTTOM OF THE 3RD
Pocatello Boccabellas batting - Pitching for Seattle Pikes : LHP David Hill
Batting: RHB Orlando Bruno 0-0: Ball
1-0: SINGLE (Groundball, 56D)
Batting: RHB Tomás Carranza 0-0: Grounds into double play, 6-4-3 (Groundball, 6M)
Batting: RHB Francisco Sandoval 0-0: Ball
1-0: Ball
2-0: Called Strike
2-1: Foul Ball, location: 2F
2-2: Foul Ball, location: 2F
2-2: Ball
3-2: Foul Ball, location: 2F
3-2: Fly out, F8 (Flyball, 8RS)
Bottom of the 3rd over - 0 run(s), 1 hit(s), 0 error(s), 0 left on base; Seattle 3 - Pocatello 0
TOP OF THE 4TH
Seattle Pikes batting - Pitching for Pocatello Boccabellas : RHP Kevin Bush
Batting: LHB Eduardo Gómez 0-0: Ball
1-0: Foul Ball, location: 2F
1-1: Ground out 4-3 (Groundball, 34)
Batting: RHB Arnold Harmon 0-0: Ball
1-0: Swinging Strike
1-1: Ball
2-1: Foul Ball, location: 2F
2-2: Strikes out looking
Batting: RHB Iván Gonzáles 0-0: Swinging Strike
0-1: Foul Ball, location: 2F
0-2: Foul Ball, location: 2F
0-2: Fly out, F9 (Flyball, 89M)
Top of the 4th over - 0 run(s), 0 hit(s), 0 error(s), 0 left on base; Seattle 3 - Pocatello 0
BOTTOM OF THE 4TH
Pocatello Boccabellas batting - Pitching for Seattle Pikes : LHP David Hill
Batting: RHB Marlon Phipps 0-0: Called Strike
0-1: Ball
1-1: Ball
2-1: Swinging Strike
2-2: Ball
3-2: Foul Ball, location: 2F
3-2: Foul Ball, location: 2F
3-2: Base on Balls
Batting: RHB Jeremy Carr 0-0: Ball
1-0: Foul Ball, location: 2F
1-1: 2-RUN HOME RUN (Flyball, 7D), Distance : 459 ft
Batting: RHB Ernesto Acosta 0-0: Ground out 6-3 (Groundball, 6)
Batting: SHB Nick Cox 0-0: Swinging Strike
0-1: Foul Ball, location: 2F
0-2: Foul Ball, location: 2F
0-2: Ball
1-2: Ball
2-2: Ball
3-2: Strikes out swinging
Batting: RHB José Delgado 0-0: Fly out, F2 (Popup, 2L)
Bottom of the 4th over - 2 run(s), 1 hit(s), 0 error(s), 0 left on base; Seattle 3 - Pocatello 2
TOP OF THE 5TH
Seattle Pikes batting - Pitching for Pocatello Boccabellas : RHP Kevin Bush
Batting: SHB Richard Bowman 0-0: Called Strike
0-1: Called Strike
0-2: Reaches on Catchers interference
Batting: RHB Luis Peña 0-0: Called Strike
0-1: Ball
1-1: Called Strike
1-2: Foul Ball, location: 2F
1-2: Fly out, F9 (Flyball, 9)
Batting: RHB Bill Mark 0-0: Ball
1-0: Foul Ball, location: 2F
1-1: DOUBLE (Line Drive, 9D)
Richard Bowman to third
Batting: LHB Roberto Lozano 0-0: Fly out, F2 (Popup, 23)
Batting: LHB Richard Hunter 0-0: Called Strike
0-1: SINGLE (Line Drive, 34D)
Richard Bowman scores
Bill Mark to third
Batting: RHB Wallace Greene 0-0: Foul Ball, location: 2F
0-1: Ball
1-1: Ball
2-1: Foul Ball, location: 2F
2-2: Foul Ball, location: 2F
2-2: Ball
3-2: SINGLE (Groundball, 34) (infield hit)
Bill Mark scores
Richard Hunter to second
Pitching: LHP Halewijn Tipping
Batting: LHB Eduardo Gómez 0-0: Called Strike
0-1: Foul Ball, location: 2F
0-2: Strikes out looking
Top of the 5th over - 2 run(s), 3 hit(s), 1 error(s), 2 left on base; Seattle 5 - Pocatello 2
BOTTOM OF THE 5TH
Pocatello Boccabellas batting - Pitching for Seattle Pikes : LHP David Hill
Batting: LHB José Berroa 0-0: DOUBLE (Line Drive, 7D)
Batting: RHB Orlando Bruno 0-0: Swinging Strike
0-1: Fly out, F7 (Flyball, 7S)
Batting: RHB Tomás Carranza 0-0: Foul Ball, location: 2F
0-1: Ground out 4-3 (Groundball, 4)
José Berroa to third
Batting: RHB Francisco Sandoval 0-0: Swinging Strike
0-1: Ball
1-1: 2-RUN HOME RUN (Line Drive, 7LD), Distance : 366 ft
Batting: RHB Marlon Phipps 0-0: SINGLE (Groundball, 6MD)
Batting: RHB Jeremy Carr 0-0: Ball
1-0: Swinging Strike
1-1: Called Strike
1-2: Foul Ball, location: 2F
1-2: Ball
2-2: Fielders Choice at 2nd, 6-4 (Groundball, 6)
Bottom of the 5th over - 2 run(s), 3 hit(s), 0 error(s), 0 left on base; Seattle 5 - Pocatello 4
TOP OF THE 6TH
Seattle Pikes batting - Pitching for Pocatello Boccabellas : LHP Halewijn Tipping
Batting: RHB Arnold Harmon 0-0: Called Strike
0-1: Called Strike
0-2: TRIPLE (Groundball, 3L)
Batting: RHB Iván Gonzáles 0-0: Intentional Walk
Batting: SHB Richard Bowman 0-0: Ball
1-0: Swinging Strike
1-1: Foul Ball, location: 2F
1-2: Strikes out swinging
Batting: RHB Luis Peña 0-0: Foul Ball, location: 2F
0-1: Ball
1-1: Fly out, F7 (Flyball, 7)
Runner from 3rd tags up, SCORES, no throw
Batting: RHB Bill Mark 0-0: Called Strike
0-1: Ball
1-1: Ball
2-1: SINGLE (Line Drive, 56)
Iván Gonzáles to second
Batting: LHB Roberto Lozano 0-0: SINGLE (Groundball, 6M) (infield hit)
Iván Gonzáles to third
Bill Mark to second
Batting: LHB Richard Hunter 0-0: Ball
1-0: Called Strike
1-1: Ball
2-1: Fly out, F9 (Flyball, 89M)
Top of the 6th over - 1 run(s), 3 hit(s), 0 error(s), 3 left on base; Seattle 6 - Pocatello 4
BOTTOM OF THE 6TH
Pocatello Boccabellas batting - Pitching for Seattle Pikes : LHP David Hill
Batting: RHB Ernesto Acosta 0-0: Called Strike
0-1: SINGLE (Line Drive, 8LS)
Batting: SHB Nick Cox 0-0: Ground out 5-3 (Groundball, 56S)
Ernesto Acosta to second
Batting: RHB José Delgado 0-0: SINGLE (Groundball, 34D)
Ernesto Acosta to third
Batting: LHB José Berroa 0-0: Ball
1-0: Swinging Strike
1-1: Ball
2-1: Called Strike
2-2: Strikes out swinging
Batting: RHB Orlando Bruno 0-0: Fielders Choice at 2nd, 6-4 (Groundball, 6)
Bottom of the 6th over - 0 run(s), 2 hit(s), 0 error(s), 1 left on base; Seattle 6 - Pocatello 4
TOP OF THE 7TH
Seattle Pikes batting - Pitching for Pocatello Boccabellas : LHP Halewijn Tipping
Batting: RHB Wallace Greene 0-0: Ball
1-0: Ball
2-0: Called Strike
2-1: Called Strike
2-2: Ball
3-2: Base on Balls
Batting: LHB Eduardo Gómez 0-0: Ball
Wild Pitch!
Wallace Greene to second
1-0: Called Strike
1-1: Ball
2-1: Ground out 4-3 (Groundball, 4)
Wallace Greene to third
Batting: RHB Arnold Harmon 0-0: Ball
1-0: Called Strike
1-1: Swinging Strike
1-2: Foul Ball, location: 2F
1-2: Fly out, F7 (Flyball, 78D)
Runner from 3rd tags up, SCORES, no throw
Batting: RHB Iván Gonzáles 0-0: Called Strike
0-1: Ground out U3 (Groundball, 3)
Top of the 7th over - 1 run(s), 0 hit(s), 0 error(s), 0 left on base; Seattle 7 - Pocatello 4
BOTTOM OF THE 7TH
Pocatello Boccabellas batting - Pitching for Seattle Pikes : LHP David Hill
Batting: RHB Tomás Carranza 0-0: Foul Ball, location: 2F
0-1: Ball
1-1: Ball
2-1: SINGLE (Line Drive, 7S)
Batting: RHB Francisco Sandoval 0-0: Ball
1-0: Ball
2-0: Ball
3-0: Base on Balls
Tomás Carranza to second
Batting: RHB Marlon Phipps 0-0: Ball
Tomás Carranza steals 3rd base
Francisco Sandoval to second
1-0: Ball
2-0: Called Strike
2-1: SINGLE (Line Drive, 56)
Tomás Carranza scores
Francisco Sandoval to third
Pitching: RHP Honorato Mota
Batting: RHB Jeremy Carr 0-0: Called Strike
0-1: Foul Ball, location: 2F
0-2: Ball
1-2: Ball
2-2: Foul Ball, location: 2F
2-2: SINGLE (Groundball, 56D)
Francisco Sandoval scores
Marlon Phipps to second
Pitching: RHP Orlando Ojeda
Batting: RHB Ernesto Acosta 0-0: Ball
1-0: Foul Ball, location: 2F
1-1: Fly out, F8 (Flyball, 8LD)
Runner from 2nd tags up, SAFE at 3rd, no throw
Batting: SHB Nick Cox 0-0: Called Strike
0-1: Ball
1-1: Swinging Strike
1-2: Strikes out swinging
Pinch Hitting: SHB Glenn Vadnais 0-0: Swinging Strike
0-1: Foul Ball, location: 2F
0-2: Ball
1-2: Fly out, F7 (Flyball, 7S)
Bottom of the 7th over - 2 run(s), 3 hit(s), 0 error(s), 2 left on base; Seattle 7 - Pocatello 6
TOP OF THE 8TH
Seattle Pikes batting - Pitching for Pocatello Boccabellas : LHP Halewijn Tipping
Pitching: LHP Mark Murchison
Now at 2B: John Craig
Batting: SHB Richard Bowman 0-0: Ball
1-0: Ball
2-0: Foul Ball, location: 2F
2-1: Foul Ball, location: 2F
2-2: Foul Ball, location: 2F
2-2: Ball
3-2: Ground out 6-3 (Groundball, 6)
Batting: RHB Luis Peña 0-0: Ball
1-0: Ground out 6-3 (Groundball, 6M)
Batting: RHB Bill Mark 0-0: Ball
1-0: DOUBLE (Line Drive, 78D)
Pinch Hitting: RHB Dennis Stephenson 0-0: Called Strike
0-1: Ground out 4-3 (Groundball, 4)
Top of the 8th over - 0 run(s), 1 hit(s), 0 error(s), 1 left on base; Seattle 7 - Pocatello 6
BOTTOM OF THE 8TH
Pocatello Boccabellas batting - Pitching for Seattle Pikes : RHP Orlando Ojeda
Pitching: LHP Manny Sandoval
Now in CF: Juan García
Batting: LHB José Berroa 0-0: Ball
1-0: Ball
2-0: Foul Ball, location: 2F
2-1: Ground out 6-3 (Groundball, 56)
Batting: RHB Orlando Bruno 0-0: Ball
1-0: Fly out, F8 (Flyball, 8LD)
Batting: RHB Tomás Carranza 0-0: Called Strike
0-1: Foul Ball, location: 2F
0-2: Ball
1-2: SINGLE (Flyball, 7S)
Batting: RHB Francisco Sandoval 0-0: Ball
1-0: Ball
2-0: Foul Ball, location: 2F
2-1: Swinging Strike
2-2: Strikes out looking
Bottom of the 8th over - 0 run(s), 1 hit(s), 0 error(s), 1 left on base; Seattle 7 - Pocatello 6
TOP OF THE 9TH
Seattle Pikes batting - Pitching for Pocatello Boccabellas : LHP Mark Murchison
Pitching: RHP Jaime Espinoza
Batting: LHB Richard Hunter 0-0: Ball
1-0: Swinging Strike
1-1: Swinging Strike
1-2: Ground out 4-3 (Groundball, 4)
Batting: RHB Wallace Greene 0-0: Ball
1-0: Ball
2-0: Called Strike
2-1: Ground out 6-3 (Groundball, 6)
Batting: LHB Eduardo Gómez 0-0: Fly out, F9 (Flyball, 9S)
Top of the 9th over - 0 run(s), 0 hit(s), 0 error(s), 0 left on base; Seattle 7 - Pocatello 6
BOTTOM OF THE 9TH
Pocatello Boccabellas batting - Pitching for Seattle Pikes : LHP Manny Sandoval
Pitching: LHP Cristián Escobar
Batting: RHB Marlon Phipps 0-0: Ball
1-0: Foul Ball, location: 2F
1-1: Foul Ball, location: 2F
1-2: Foul Ball, location: 2F
1-2: Ball
2-2: Strikes out swinging
Batting: RHB Jeremy Carr 0-0: Foul Ball, location: 2F
0-1: Ball
1-1: Ball
2-1: Fly out, F9 (Flyball, 9LM)
Batting: RHB Ernesto Acosta 0-0: Called Strike
0-1: Ground out 5-3 (Groundball, 56S)
Bottom of the 9th over - 0 run(s), 0 hit(s), 0 error(s), 0 left on base; Seattle 7 - Pocatello 6
Tuesday, August 8th, 2017 - OOTP Baseball 17.12 Build 75